 Dungeon Crawl Stone Soup version 0.27.1-2-g3b301248ec (webtiles) character file.

Game seed: 8017469303836897733

3188 MisterFreud the Blocker (level 9, 0/74 HPs)
             Began as a Gnoll Fighter on Sept 27, 2021.
             Was an Elder of Okawaru.
             Slain by a troll (7 damage)
             ... on level 7 of the Dungeon.
             The game lasted 00:11:56 (7215 turns).

MisterFreud the Blocker (Gnoll Fighter)             Turns: 7215, Time: 00:11:57

Health: 0/74       AC: 12    Str: 21    XL:     9   Next: 95%
Magic:  16/16      EV: 12    Int: 11    God:    Okawaru [****..]
Gold:   188        SH: 11    Dex: 12    Spells: 17/17 levels left

rFire    . . .     SeeInvis .   a - +1 rapier
rCold    . . .     Faith    .   c - +0 kite shield
rNeg     . . .     Spirit   .   n - +0 chain mail
rPois    .         Reflect  .   h - +0 helmet
rElec    .         Harm     .   (no cloak)
rCorr    .         Rampage  .   (no gloves)
Will     .....                  (no boots)
Stlth    ..........             y - amulet of regeneration
HPRegen  1.22/turn              G - +4 ring of evasion
MPRegen  0.15/turn              z - +6 ring of strength

@: no status effects
A: fangs 1, strong nose, distributed training
a: Renounce Religion, Heroism


You were on level 7 of the Dungeon.
You worshipped Okawaru.
Okawaru was greatly pleased with you.
You visited 1 branch of the dungeon, and saw 7 of its levels.
You also visited: Sewer and Ossuary.

You collected 531 gold pieces.
You spent 343 gold pieces at shops.

Inventory:

Hand Weapons
 a - a +1 rapier (weapon)
Missiles
 f - 8 silver javelins (quivered)
 o - 6 curare-tipped darts
 q - 35 poisoned darts
 r - 3 javelins
 A - a throwing net
 H - 4 atropa-tipped darts
Armour
 b - a +0 scale mail
 c - a +0 kite shield (worn)
 h - a +0 helmet (worn)
 n - a +0 chain mail (worn)
Jewellery
 y - an amulet of regeneration (around neck)
 z - a +6 ring of strength (right hand)
 E - a ring of see invisible
 G - a +4 ring of evasion (left hand)
 J - a ring of protection from fire
Wands
 F - a wand of charming (7)
 I - a wand of paralysis (10)
Scrolls
 e - 4 scrolls of magic mapping
 i - 3 scrolls of vulnerability
 t - a scroll of amnesia {unknown}
 w - 2 scrolls of fog
 x - a scroll of fear
 C - a scroll of blinking
 D - 2 scrolls of teleportation
 K - 2 scrolls of identify
Potions
 d - 3 potions of might
 g - 3 potions of flight
 j - 4 potions of brilliance
 k - a potion of curing
 l - 2 potions of degeneration
 m - a potion of mutation {unknown}
 p - 3 potions of resistance
 s - 2 potions of haste
 u - a potion of berserk rage {unknown}
 v - 3 potions of heal wounds
 B - a potion of invisibility {unknown}


   Skills:
 + Level 8.2 Fighting
 + Level 6.6 Short Blades
 + Level 4.7 Long Blades
 + Level 4.7 Axes
 + Level 4.7 Maces & Flails
 + Level 4.7 Polearms
 + Level 4.7 Staves
 + Level 4.7 Slings
 + Level 4.7 Bows
 + Level 4.7 Crossbows
 + Level 4.7 Throwing
 + Level 8.2 Armour
 + Level 4.7 Dodging
 + Level 4.7 Stealth
 + Level 8.2 Shields
 + Level 4.7 Unarmed Combat
 + Level 4.7 Spellcasting
 + Level 3.9 Conjurations
 + Level 3.9 Hexes
 + Level 3.9 Summonings
 + Level 3.9 Necromancy
 + Level 3.9 Translocations
 + Level 3.9 Transmutations
 + Level 3.9 Fire Magic
 + Level 3.9 Ice Magic
 + Level 3.9 Air Magic
 + Level 3.9 Earth Magic
 + Level 3.9 Poison Magic
 + Level 5.2 Invocations
 + Level 4.7 Evocations


You had 17 spell levels left.
You didn't know any spells.
Your spell library contained the following spells:

 Spells                   Type           Power      Damage    Failure   Level
 Static Discharge         Conj/Air       11%        N/A       75%         2
 Ozocubu's Armour         Ice            11%        N/A       92%         3
 Dispel Undead            Necr           11%        3d9       100%        4
 Sticky Flame             Conj/Fire      11%        2d3       100%        4
 Metabolic Englaciation   Hex/Ice        5%         N/A       100%        5
 Simulacrum               Ice/Necr       5%         N/A       100%        6


Dungeon Overview and Level Annotations

Branches:
Dungeon (7/15)              Sewer (visited)         Ossuary (visited)
 Temple: D:4-7

Altars:
Ashenzari
Cheibriados
Fedhas
Nemelex Xobeh
Okawaru
Ru

Shops:
D:4 *   D:6 =


Innate Abilities, Weirdness & Mutations

You have very sharp teeth.
Your uncanny sense of smell can sniff out nearby items.
Your experience applies equally to all skills.


Message History

You puncture the troll! You bite the troll, but do no damage.
The troll is severely wounded.
The troll closely misses you. You block the troll's attack.
The troll barely misses you.
You hit the troll. Your bite misses the troll.
The troll is severely wounded.
The troll bites you. You block the troll's attack. x2
You hit the troll.
The troll is almost dead.
The troll closely misses you. You block the troll's attack.
The troll claws you but does no damage.
You hit the troll.
The troll is almost dead.
The troll bites you!
* * * LOW HITPOINT WARNING * * *
You block the troll's attack. The troll claws you but does no damage.
You barely miss the troll.
The troll is almost dead.
The troll barely misses you. The troll misses you. The troll barely misses you.
You barely miss the troll.
The troll is almost dead.
The troll bites you but does no damage. The troll claws you.
* * * LOW HITPOINT WARNING * * *
The troll barely misses you.
You closely miss the troll. Your bite misses the troll.
The troll is almost dead.
The troll misses you. You block the troll's attack.
The troll barely misses you.
You completely miss the troll. Your bite misses the troll.
The troll is almost dead.
The troll completely misses you. You block the troll's attack.
The troll barely misses you.
You hit the troll.
The troll is almost dead.
The troll bites you!
* * * LOW HITPOINT WARNING * * *
The troll claws you.
* * * LOW HITPOINT WARNING * * *
The troll claws you!
You die...

#...## .# ##...##
. #...... ##.
#...... #..
#...... #.# #.#
#...... #.# #.#
##...## #T#._.#.#
##...## #@#...#.##
#...... #.##.##..#
#...... #..#.#...#
#......
#..#.#...####...##
#..#.#..###......§
#).#'#......≈≈≈≈≈≈
#...........≈.....
#.#....†....≈.≈≈≈≈
#...........≈.≈...


You could see a troll.

Vanquished Creatures
  Prince Ribbit (D:7)
  Grinder (D:4)
  A shadow (D:5)
  A water moccasin (Sewer)
  A sky beast (D:4)
  An ice beast (D:6)
  3 necrophages
  5 ogres
  A centaur (D:5)
  2 kobold brigands
  5 scorpions
  A water moccasin zombie (D:5)
  A howler monkey (D:5)
  4 wights
  A bullfrog zombie (D:7)
  A centaur zombie (D:6)
  An orc priest (D:2)
  5 jellies
  5 hounds
  A centaur skeleton (D:5)
  4 iguanas
  2 orc wizards (D:7)
  8 mummies (Ossuary)
  A hound skeleton (D:4)
  9 adders
  4 gnolls (D:4)
  2 river rats (D:4)
  2 shadow imps
  2 adder skeletons
  A worm (D:3)
  3 dart slugs
  7 orcs
  9 bats
  3 endoplasms
  2 giant cockroaches
  9 goblins
  7 hobgoblins
  2 jackals (Sewer)
  A quokka (D:1)
  4 ball pythons
  2 frilled lizards
  A hobgoblin zombie (Ossuary)
  17 kobolds
  3 kobold zombies (Ossuary)
  4 orc zombies (Ossuary)
  14 rats
165 creatures vanquished.

Notes
Turn   | Place    | Note
-------+----------+-------------------------------------------
     0 | D:1      | MisterFreud the Gnoll Fighter began the quest for the Orb.
     0 | D:1      | Reached XP level 1. HP: 23/23 MP: 1/1
   146 | D:1      | Found a faded altar of an unknown god.
   153 | D:1      | Became a worshipper of Warmaster Okawaru
   153 | D:1      | Reached * piety under Okawaru
   264 | D:1      | Reached XP level 2. HP: 24/29 MP: 2/2
  1074 | D:2      | Reached XP level 3. HP: 35/35 MP: 3/3
  1182 | D:2      | Reached skill level 1 in Invocations
  1436 | D:2      | Reached skill level 1 in Long Blades
  1436 | D:2      | Reached skill level 1 in Axes
  1436 | D:2      | Reached skill level 1 in Maces & Flails
  1436 | D:2      | Reached skill level 1 in Polearms
  1436 | D:2      | Reached skill level 1 in Staves
  1436 | D:2      | Reached skill level 1 in Slings
  1436 | D:2      | Reached skill level 1 in Bows
  1436 | D:2      | Reached skill level 1 in Crossbows
  1436 | D:2      | Reached skill level 1 in Throwing
  1436 | D:2      | Reached skill level 1 in Dodging
  1436 | D:2      | Reached skill level 1 in Stealth
  1436 | D:2      | Reached skill level 1 in Unarmed Combat
  1436 | D:2      | Reached skill level 1 in Spellcasting
  1436 | D:2      | Reached skill level 1 in Evocations
  1516 | D:2      | Reached XP level 4. HP: 39/41 MP: 5/5
  2017 | D:2      | Reached skill level 1 in Conjurations
  2017 | D:2      | Reached skill level 1 in Hexes
  2017 | D:2      | Reached skill level 1 in Summonings
  2017 | D:2      | Reached skill level 1 in Necromancy
  2017 | D:2      | Reached skill level 1 in Translocations
  2017 | D:2      | Reached skill level 1 in Transmutations
  2017 | D:2      | Reached skill level 1 in Fire Magic
  2017 | D:2      | Reached skill level 1 in Ice Magic
  2017 | D:2      | Reached skill level 1 in Air Magic
  2017 | D:2      | Reached skill level 1 in Earth Magic
  2017 | D:2      | Reached skill level 1 in Poison Magic
  2024 | D:3      | Reached XP level 5. HP: 24/47 MP: 3/6
  2907 | D:4      | Found a sand-covered staircase.
  2908 | D:4      | Noticed Grinder
  2912 | Ossuary  | Entered an ossuary
  2964 | Ossuary  | Reached XP level 6. HP: 49/53 MP: 5/8
  3027 | Ossuary  | Reached skill level 5 in Short Blades
  3232 | D:4      | Found Lolu's General Store.
  3340 | D:4      | Found an iron altar of Okawaru.
  3389 | D:4      | Reached XP level 7. HP: 26/59 MP: 7/10
  3424 | D:4      | Found a glowing drain.
  3434 | Sewer    | Entered a sewer
  4087 | D:4      | Killed Grinder
  4240 | D:4      | Reached ** piety under Okawaru
  4383 | D:4      | Found a broken altar of Ashenzari.
  4428 | D:4      | Reached XP level 8. HP: 66/67 MP: 12/12
  4706 | D:4      | Found a blossoming altar of Fedhas.
  4706 | D:4      | Found a snail-covered altar of Cheibriados.
  4955 | D:4      | Bought a scroll of blinking for 105 gold pieces
  4955 | D:4      | Bought a scroll of teleportation for 42 gold pieces
  4955 | D:4      | Bought a potion of resistance for 140 gold pieces
  4955 | D:4      | Bought a potion of brilliance for 56 gold pieces
  5060 | D:5      | Entered Level 5 of the Dungeon
  5173 | D:5      | Noticed a shadow
  5192 | D:5      | Killed a shadow
  5446 | D:4      | Reached *** piety under Okawaru
  5447 | D:4      | Reached XP level 9. HP: 70/72 MP: 14/14
  6466 | D:6      | Found Jomun's Jewellery Shop.
  6599 | D:6      | Received a gift from Okawaru
  6861 | D:6      | Reached skill level 5 in Invocations
  7047 | D:7      | Noticed Prince Ribbit
  7156 | D:7      | Found a sacrificial altar of Ru.
  7170 | D:7      | Found a sparkling altar of Nemelex Xobeh.
  7183 | D:7      | Killed Prince Ribbit
  7183 | D:7      | Reached **** piety under Okawaru
  7195 | D:7      | Noticed a troll
  7215 | D:7      | Slain by a troll

Illustrated notes

Levels and vault maps discovered:
D:1:      mainiacjoe_arrival_reflecting_pool, layout_basic,
          shapermc_ecumenical_altar_petra
D:2:      layout_basic
D:3:      layout_loops_ring, minmay_quantized
D:4:      layout_loops_ring, gammafunk_temple_overflow_wave,
          mainiacjoe_overflow_brackets, ashenzari_altar_1, serial_shops,
          nicolae_inconvenience_store, portal_sewer_entry_e,
          nicolae_ossuary_entry_false_entrances, uniq_grinder
D:5:      minmay_opposing_rooms, layout_basic
D:6:      layout_loops_ring, serial_shops, nicolae_square_shop
D:7:      minmay_bubble_buster, layout_gridville,
          mainiacjoe_overflow_concentric_impassable,
          mainiacjoe_overflow_alcove_1, nicolae_vehumet_altar_sigil,
          mainiacjoe_overflow_surrounded_room, minmay_temple_entry_hall,
          uniq_prince_ribbit1, uniq_maggie

Skill      XL: |  1  2  3  4  5  6  7  8  9 |
---------------+----------------------------+-----
Invocations    | 1 2 3 4 5 |  5.2
Long Blades    | 1 2 3 4 |  4.7
Axes           | 1 2 3 4 |  4.7
Maces & Flails | 1 2 3 4 |  4.7
Polearms       | 1 2 3 4 |  4.7
Staves         | 1 2 3 4 |  4.7
Slings         | 1 2 3 4 |  4.7
Bows           | 1 2 3 4 |  4.7
Crossbows      | 1 2 3 4 |  4.7
Throwing       | 1 2 3 4 |  4.7
Dodging        | 1 2 3 4 |  4.7
Stealth        | 1 2 3 4 |  4.7
Unarmed Combat | 1 2 3 4 |  4.7
Spellcasting   | 1 2 3 4 |  4.7
Evocations     | 1 2 3 4 |  4.7
Conjurations   | 1 2 3 |  3.9
Hexes          | 1 2 3 |  3.9
Summonings     | 1 2 3 |  3.9
Necromancy     | 1 2 3 |  3.9
Translocations | 1 2 3 |  3.9
Transmutations | 1 2 3 |  3.9
Fire Magic     | 1 2 3 |  3.9
Ice Magic      | 1 2 3 |  3.9
Air Magic      | 1 2 3 |  3.9
Earth Magic    | 1 2 3 |  3.9
Poison Magic   | 1 2 3 |  3.9
Short Blades   | 5 6 |  6.6
Fighting       | 7 8 |  8.2
Armour         | 7 8 |  8.2
Shields        | 7 8 |  8.2

Action                   |  1- 3 |  4- 6 |  7- 9 || total
-------------------------+-------+-------+-------++-------
Melee: Rapier            |   104 |   203 |   468 ||   775
       Bite              |     3 |    20 |    41 ||    64
Throw: Javelin           |       |     2 |       ||     2
Invok: Heroism           |       |     6 |     6 ||    12
  Use: Scroll            |       |     6 |     7 ||    13
       Potion            |       |     2 |       ||     2
Armor: Scale mail        |    37 |    54 |    80 ||   171
       Chain mail        |       |       |    48 ||    48
Dodge: Dodged            |    26 |    57 |   124 ||   207
Block: Kite shield       |    45 |   104 |   216 ||   365
